 Dungeon Crawl Stone Soup version 0.22-a0-845-g8bfc27d406 (webtiles) character file.

205 Holzbalken the Slasher (level 5, 0/41 HPs)
             Began as a Demonspawn Monk on July 26, 2018.
             Was a Follower of Uskayaw.
             Killed from afar by Blork the orc (8 damage)
             ... with a puff of flame
             ... on level 4 of the Dungeon.
             The game lasted 00:10:32 (4453 turns).

Holzbalken the Slasher (Demonspawn Monk)            Turns: 4453, Time: 00:10:32

Health: 0/41       AC:  8    Str: 13    XL:     5   Next: 53%
Magic:  3/5        EV:  6    Int: 11    God:    Uskayaw [*.....]
Gold:   99         SH:  0    Dex: 17    Spells: 4/4 levels left

rFire    . . .     SeeInvis .   a - +0 falchion
rCold    . . .     Gourm    .   (no shield)
rNeg     . . .     Faith    .   m - +0 chain mail
rPois    .         Spirit   .   (no helmet)
rElec    .         Reflect  .   (no cloak)
rCorr    .         Harm     .   (no gloves)
MR       .....                  (no boots)
Stlth    ..........             (no amulet)
HPRegen  0.13/turn              (no ring)
MPRegen  0.09/turn              (no ring)

@: no status effects
A: claws 2, thin skeletal structure 1
a: Stomp, Renounce Religion


You were on level 4 of the Dungeon.
You worshipped Uskayaw.
Uskayaw was noncommittal.
You were hungry.

You visited 1 branch of the dungeon, and saw 4 of its levels.

You collected 99 gold pieces.

Inventory:

Hand Weapons
 a - a +0 falchion (weapon)
Armour
 m - a +0 chain mail (worn)
Jewellery
 o - a cursed -2 ring of slaying {unknown}
Scrolls
 b - 2 scrolls of enchant weapon {unknown}
 e - 4 scrolls of blinking {unknown}
 f - 3 scrolls of magic mapping {unknown}
 i - 2 scrolls of teleportation {unknown}
 k - 4 scrolls of identify {unknown}
 l - 2 scrolls of remove curse {unknown}
 q - a scroll of fog {unknown}
 r - a scroll of immolation {unknown}
Potions
 d - 2 potions of haste
 g - 2 potions of curing {unknown}
 h - a potion of degeneration {unknown}
 j - 3 potions of magic {unknown}
 n - a potion of agility {unknown}
 s - a potion of flight {unknown}
 t - a potion of lignification {unknown}
Comestibles
 c - 3 rations
 p - 3 chunks of flesh


   Skills:
 - Level 3.0 Fighting
 + Level 5.7 Long Blades
 - Level 2.6 Dodging
 - Level 1.7 Stealth


You had 4 spell levels left.
You didn't know any spells.
Your spell library was empty.

Dungeon Overview and Level Annotations

Branches:
Dungeon (4/15)
 Temple: D:4-7

Altars:
Uskayaw

Portals:
Ossuary: D:4

Annotations:
D:4 Blork the orc


Innate Abilities, Weirdness & Mutations

You have very sharp fingernails.
You have a somewhat thin skeletal structure. (Dex +2, Stealth)


Message History

Blork the orc points at you and mumbles some strange words.
The puff of flame hits you!
* * * LOW HITPOINT WARNING * * *
Your chain mail prevents you from hitting Blork the orc.
Blork the orc is severely wounded.
Blork the orc closely misses you.
You hit Blork the orc.
Blork the orc is severely wounded.
Blork the orc hits you but does no damage.
Your chain mail prevents you from hitting Blork the orc.
Blork the orc is severely wounded.
Blork the orc casts a spell.
Blork the orc flickers and vanishes!
Deactivating autopickup; reactivate with Ctrl-A.
Your chain mail prevents you from hitting something.
You completely miss something.
You hear some strange, mumbled words.
A puff of flame appears from out of thin air!
The puff of flame hits you!
You die...

#########
########.......#
#....Z{@.......#
#.##.##...∩....#
#........# .#
>... #......#.#
.. ....
#.###.##.# .#
...# #.# #....#
.# ... ..#
####.# .# ..#
#### #.# .# #..#
#.#


You could see a water moccasin skeleton.

Vanquished Creatures
  A howler monkey (D:4)
  Natasha (thrice) (D:3)
  An adder (D:3)
  3 worms (D:2)
  A dart slug (D:1)
  4 leopard geckos
  An orc (D:3)
  12 bats
  3 giant cockroaches (D:3)
  10 goblins
  5 hobgoblins
  3 jackals (D:3)
  4 quokkas
  3 frilled lizards
  9 kobolds
  5 rats
68 creatures vanquished.

Notes
Turn   | Place    | Note
-------+----------+-------------------------------------------
     0 | D:1      | Holzbalken the Demonspawn Monk began the quest for the Orb.
     0 | D:1      | Reached XP level 1. HP: 18/18 MP: 1/1
   152 | D:1      | Reached skill level 3 in Long Blades
   294 | D:1      | Gained mutation: You have sharp fingernails. [demonic ancestry]
   294 | D:1      | Reached XP level 2. HP: 21/24 MP: 2/2
  1091 | D:1      | Gained mutation: You have a somewhat thin skeletal structure. (Dex +2, Stealth) [demonic ancestry]
  1091 | D:1      | Reached XP level 3. HP: 25/29 MP: 3/3
  1660 | D:2      | Reached skill level 4 in Long Blades
  1677 | D:2      | HP: 1/29 [worm (8)]
  2143 | D:2      | Found a faded altar of an unknown god.
  2150 | D:2      | Became a worshipper of Uskayaw the Reveler
  2150 | D:2      | Reached * piety under Uskayaw
  2150 | D:2      | Reached ** piety under Uskayaw
  3214 | D:3      | Reached XP level 4. HP: 34/35 MP: 4/4
  3363 | D:3      | Noticed Natasha
  3380 | D:3      | Killed Natasha
  3703 | D:3      | Reached skill level 5 in Long Blades
  4115 | D:3      | Noticed Natasha
  4124 | D:3      | Killed Natasha
  4124 | D:3      | Gained mutation: You have very sharp fingernails. [demonic ancestry]
  4124 | D:3      | Reached XP level 5. HP: 29/41 MP: 5/5
  4220 | D:3      | Noticed Natasha
  4232 | D:3      | Killed Natasha
  4423 | D:4      | Found a sand-covered staircase.
  4427 | D:4      | Noticed Blork the orc
  4453 | D:4      | Killed from afar by Blork the orc

Vault maps used:
D:1:      minmay_arrival_four_circles, minmay_tiny_reverse_x
D:2:      chequers_ecumenical_altar_grove
D:3:      uniq_natasha
D:4:      enter_ossuary_1, uniq_blork_the_orc

Skill      XL: |  1  2  3  4 |
---------------+-------------+-----
Long Blades    | 3 4 5 |  5.7
Fighting       | |  3.0
Dodging        | |  2.6
Stealth        | |  1.7

Action                   |  1- 3 |  4- 6 || total
-------------------------+-------+-------++-------
Melee: Falchion          |   164 |   112 ||   276
Invok: Stomp             |       |     3 ||     3
 Stab: Sleeping          |     1 |       ||     1
  Eat: Chunk             |     7 |     4 ||    11
Armor: Ring mail         |    15 |       ||    15
       Robe              |     1 |       ||     1
       Chain mail        |    60 |    61 ||   121
       Scale mail        |     6 |       ||     6
Dodge: Dodged            |    62 |    34 ||    96
       Rpst.: Falchion   |    14 |    13 ||    27

Table legend:
 A = Spawn XP
 B = Non-spawn XP
 C = Spawn XP percentage of total XP
 D = Spawn monster count
 E = Non-spawn monster count
 F = Spawn count percentage of total count
 G = Total turns spent on level
                    A         B        C        D         E        F      G
               +---------+---------+-------+---------+---------+-------+---------
         Total |       0 |     294 |   0.0 |       0 |      68 |   0.0 |  4453
               +---------+---------+-------+---------+---------+-------+---------
           D:1 |       0 |      43 |   0.0 |       0 |      25 |   0.0 |  1245
           D:2 |       0 |      37 |   0.0 |       0 |      16 |   0.0 |  1557
           D:3 |       0 |     157 |   0.0 |       0 |      25 |   0.0 |  1514
           D:4 |       0 |      57 |   0.0 |       0 |       2 |   0.0 |   137
               +---------+---------+-------+---------+---------+-------+---------
